 Dungeon Crawl Stone Soup version 0.25.0-9-g26727b6 (webtiles) character file.

Game seed: 14301105027693497417

9767 rednit the Spear-Bearer (level 11, 0/86 HPs)
             Began as a Merfolk Ice Elementalist on June 21, 2020.
             Was a Believer of Vehumet.
             Slain by a black mamba (17 damage)
             ... on level 1 of the Lair of Beasts.
             The game lasted 00:39:43 (12206 turns).

rednit the Spear-Bearer (Merfolk Ice Elementalist) Turns: 12206, Time: 00:39:43

Health: 0/86       AC:  4    Str: 10    XL:     11   Next: 51%
Magic:  14/14      EV: 21    Int: 20    God:    Vehumet [**....]
Gold:   423        SH:  0    Dex: 14    Spells: 3/14 levels left

rFire    + . .     SeeInvis .   L - +0 spear (venom)
rCold    . . .     Gourm    .   (no shield)
rNeg     . . .     Faith    .   I - +2 robe {rF+}
rPois    .         Spirit   .   M - +0 hat {Int+3}
rElec    .         Reflect  .   (no cloak)
rCorr    .         Harm     .   (no gloves)
MR       +....                  (no boots)
Stlth    ++........             n - amulet of magic regeneration
HPRegen  0.24/turn              J - ring of protection from magic
MPRegen  0.39/turn              (no ring)

@: frozen ramparts
A: change form in water, swift swim, stealthy swim
a: Renounce Religion


You were on level 1 of the Lair of Beasts.
You worshipped Vehumet.
Vehumet was pleased with you.
You were hungry.

You visited 2 branches of the dungeon, and saw 11 of its levels.
You also visited: Sewer and Ossuary.

You collected 688 gold pieces.
You spent 265 gold pieces at shops.

Inventory:

Hand Weapons
 L - a +0 spear of venom (weapon)
 O - a +4 halberd
Missiles
 j - a curare-tipped dart (quivered)
 s - 9 poisoned darts
 K - a throwing net
Armour
 l - a +1 robe of positive energy
 I - a +2 robe of fire resistance (worn)
 M - a +0 hat of intelligence (worn)
Jewellery
 k - an uncursed ring of fire
 n - an amulet of magic regeneration (around neck)
 J - a ring of protection from magic (left hand)
Wands
 d - a wand of iceblast (8)
 r - a wand of paralysis (9)
 y - a wand of flame (26)
 z - a wand of acid (11)
 D - a wand of digging (6)
 G - a wand of random effects (14)
Scrolls
 a - 2 scrolls of magic mapping {unknown}
 e - 3 scrolls of fear {unknown}
 f - 7 scrolls of amnesia
 h - 10 scrolls of remove curse {unknown}
 m - 3 scrolls of immolation {unknown}
 o - 5 scrolls of teleportation {unknown}
 p - 3 scrolls of enchant weapon {unknown}
 t - a scroll of fog {unknown}
 v - 7 scrolls of identify
 B - a scroll of torment {unknown}
 E - a scroll of enchant armour {unknown}
Potions
 b - 2 potions of curing
 i - 6 potions of heal wounds
 q - a potion of stabbing {unknown}
 u - 2 potions of berserk rage {unknown}
 w - 2 potions of flight
 x - 2 potions of magic {unknown}
 A - a potion of cancellation {unknown}
 C - 3 potions of mutation {unknown}
 F - 2 potions of haste {unknown}
 H - a potion of brilliance
 N - a potion of invisibility {unknown}
Comestibles
 c - 20 rations


   Skills:
 - Level 8.0 Fighting
 - Level 14.0 Polearms
 + Level 13.9 Dodging
 - Level 2.1 Stealth
 - Level 2.0 Spellcasting
 - Level 2.0 Charms
 - Level 2.0 Summonings
 - Level 10.0 Ice Magic


You had 3 spell levels left.
You knew the following spells:

 Your Spells              Type           Power        Failure   Level  Hunger
a - Freeze                Ice            ####         1%          1    #......
b - Frozen Ramparts       Ice            #####.       1%          3    ###....
c - Ozocubu's Armour      Chrm/Ice       ####....     4%          3    ###....
d - Summon Ice Beast      Ice/Summ       ####....     13%         4    #####..

Your spell library contained the following spells:

 Spells                   Type           Power        Failure   Level  Hunger
 Sandblast                Erth           #.....       16%         1    #......
 Hailstorm                Conj/Ice       ###.....     21%         4    #####..


Dungeon Overview and Level Annotations

Branches:
Dungeon (10/15)            Temple (0/1) D:7            Lair (1/6) D:9
    Orc (0/2) D:9           Sewer (visited)         Ossuary (visited)

Altars:
Cheibriados
Dithmenos
Elyvilon
Kikubaaqudgha
Ru
Vehumet
Wu Jian
Xom
Yredelemnul
Beogh

Shops:
D:7 %   D:8 [

Annotations:
D:4 Grinder


Message History

Unknown command.
Unknown command.
You completely miss the black mamba.
The black mamba is almost dead.
The wall freezes the black mamba!
The black mamba seems to slow down.
The black mamba barely misses you.
Unknown command.
You closely miss the black mamba.
The black mamba is almost dead.
The wall freezes the hippogriff!
The hippogriff bites you!
* * * LOW HITPOINT WARNING * * *
The hippogriff completely misses you. The hippogriff claws you.
* * * LOW HITPOINT WARNING * * *
The wall freezes the black mamba.
The black mamba bites you!
* * * LOW HITPOINT WARNING * * *
You are lethally poisoned!
The black mamba poisons you!
Unknown command.
You feel better.
The wall freezes the black mamba.
The black mamba bites you!
You die...

. .. ...########## ### #######
..P?..>.....####@#######...#.####
...........###.HSS.>..##........#
.......[.......Fr................
..[..........................(...
....%.....#......................
..........#....................#<
...............................##
..................###......#.#...
..................##P......#....#


You could see a hippogriff, 2 black mambas, a bullfrog (slow) and a porcupine.

Vanquished Creatures
  Gastronok (D:8)
  3 death yaks (D:9)
  An ugly thing (D:8)
  A troll (D:9)
  2 hippogriffs
  Sigmund (D:4)
  2 wraiths (Ossuary)
  4 yaks
  Grum (D:8)
  2 hungry ghosts
  Menkaure (D:4)
  A water moccasin (D:7)
  2 ice beasts (D:9)
  An orc warrior (D:9)
  3 phantoms
  A necrophage (D:5)
  2 wolves (D:8)
  6 ogres
  2 centaurs
  A crocodile (Sewer)
  7 bullfrogs
  A water moccasin zombie (D:8)
  A scorpion (D:8)
  3 wights (Ossuary)
  6 killer bees (D:8)
  5 crimson imps
  A bullfrog zombie (D:6)
  A centaur zombie (Ossuary)
  2 jellies
  2 centaur skeletons
  A hound (D:8)
  2 orc priests (D:9)
  5 orc wizards
  2 bullfrog skeletons
  A gnoll shaman (D:8)
  2 iguanas
  3 worker ants
  A hound zombie (D:6)
  A hound skeleton (D:8)
  16 adders
  8 gnolls
  3 river rats (D:5)
  2 shadow imps
  An ooze (D:1)
  An adder zombie (Ossuary)
  An adder skeleton (D:7)
  A dart slug (D:2)
  4 worms
  2 leopard geckos
  33 orcs
  3 ball pythons
  6 giant cockroaches
  4 goblins
  10 hobgoblins
  4 jackals (D:4)
  6 quokkas
  2 ball python skeletons (Ossuary)
  9 bats
  6 frilled lizards
  A jackal skeleton (D:8)
  8 kobolds
  3 orc skeletons (Ossuary)
  2 orc zombies (Ossuary)
  2 quokka skeletons
  4 rats
227 creatures vanquished.

Vanquished Creatures (others)
  2 plants (D:5)
2 creatures vanquished.

Grand Total: 229 creatures vanquished

Notes
Turn   | Place    | Note
-------+----------+-------------------------------------------
     0 | D:1      | rednit the Merfolk Ice Elementalist began the quest for the
                  | Orb.
     0 | D:1      | Reached XP level 1. HP: 13/13 MP: 3/3
   220 | D:1      | Reached XP level 2. HP: 19/19 MP: 3/5
   263 | D:1      | Reached skill level 5 in Ice Magic
   822 | D:1      | Reached XP level 3. HP: 24/24 MP: 6/6
   827 | D:1      | Learned a level 3 spell: Frozen Ramparts
  1181 | D:2      | Found a sacrificial altar of Ru.
  1187 | D:2      | Found a snail-covered altar of Cheibriados.
  2057 | D:2      | Reached skill level 1 in Polearms
  2057 | D:2      | Reached XP level 4. HP: 30/30 MP: 3/7
  2248 | D:2      | Reached skill level 2 in Polearms
  2377 | D:3      | Reached skill level 3 in Polearms
  2520 | D:3      | Reached skill level 4 in Polearms
  2520 | D:3      | Reached XP level 5. HP: 34/35 MP: 4/8
  2967 | D:3      | Found a shimmering altar of Xom.
  2974 | D:3      | Found an ancient bone altar of Kikubaaqudgha.
  3128 | D:3      | Reached skill level 5 in Polearms
  3658 | D:4      | Reached skill level 6 in Polearms
  3674 | D:4      | Reached XP level 6. HP: 23/41 MP: 4/9
  3941 | D:4      | Noticed Menkaure
  3946 | D:4      | Reached skill level 13 in Polearms
  3946 | D:4      | Reached XP level 7. HP: 46/46 MP: 10/10
  3959 | D:4      | Killed Menkaure
  3959 | D:4      | Reached skill level 14 in Polearms
  3983 | D:4      | Found a white marble altar of Elyvilon.
  4004 | D:4      | Noticed Sigmund
  4021 | D:4      | Killed Sigmund
  4021 | D:4      | Reached skill level 1 in Fighting
  4225 | D:4      | Reached XP level 8. HP: 46/56 MP: 11/11
  4452 | D:4      | Noticed Grinder
  4505 | D:5      | Entered Level 5 of the Dungeon
  4505 | D:5      | Found a shimmering altar of Xom.
  4552 | D:5      | Learned a level 3 spell: Ozocubu's Armour
  4562 | D:5      | Found a shadowy altar of Dithmenos.
  4737 | D:5      | Found Kofo's Assorted Antiques.
  4837 | D:5      | Found a glowing drain.
  4846 | Sewer    | Entered a sewer
  4900 | Sewer    | Reached skill level 1 in Charms
  5743 | D:6      | Found an ornate altar of the Wu Jian Council.
  5757 | D:6      | Found a radiant altar of Vehumet.
  5771 | D:6      | Became a worshipper of Vehumet
  6106 | D:6      | Reached XP level 9. HP: 63/63 MP: 8/12
  6370 | D:6      | Found a sand-covered staircase.
  6381 | Ossuary  | Entered an ossuary
  7391 | D:7      | Found a basalt altar of Yredelemnul.
  7570 | D:7      | Reached skill level 5 in Fighting
  7780 | D:7      | Found Ufeixazi's Food Shoppe.
  8291 | D:7      | Found a staircase to the Ecumenical Temple.
  8329 | D:8      | Reached * piety under Vehumet
  8329 | D:8      | Offered knowledge of Shock by Vehumet.
  8449 | D:8      | Noticed Grum
  8463 | D:8      | Killed Grum
  8817 | D:8      | Reached XP level 10. HP: 74/74 MP: 9/13
  9309 | D:8      | Found Hafrilik's Armour Shoppe.
  9315 | D:8      | Bought a +2 robe of fire resistance for 265 gold pieces
  9565 | D:8      | Offered knowledge of Sandblast by Vehumet.
  9754 | D:8      | Noticed a cyan ugly thing
  9770 | D:8      | Killed a cyan ugly thing
  9770 | D:8      | Reached ** piety under Vehumet
 10011 | D:8      | Learned a level 4 spell: Summon Ice Beast
 10050 | D:8      | Noticed Gastronok
 10079 | D:8      | Killed Gastronok
 10518 | D:9      | Noticed a death yak
 10559 | D:9      | Reached XP level 11. HP: 69/85 MP: 14/14
 10719 | D:9      | Found a staircase to the Orcish Mines.
 10729 | D:9      | Found a roughly hewn altar of Beogh.
 11058 | D:9      | Noticed a death yak
 11059 | D:9      | Noticed a death yak
 11076 | D:9      | Killed a death yak
 11085 | D:9      | Killed a death yak
 11166 | D:9      | Killed a death yak
 11255 | D:9      | Found a staircase to the Lair.
 11717 | D:10     | Entered Level 10 of the Dungeon
 11873 | D:10     | Reached skill level 10 in Ice Magic
 12142 | Lair:1   | Entered Level 1 of the Lair of Beasts
 12206 | Lair:1   | Slain by a black mamba

Illustrated notes

Levels and vault maps discovered:
D:1:      matt_arrival_los_fun, layout_basic
D:2:      layout_basic, lemuel_crystal_altar, kennysheep_slug_shrine
D:3:      layout_basic, minitemple, kennysheep_decorative_pillar
D:4:      layout_loops_ring, lemuel_round_altar, first_ration, uniq_grinder,
          uniq_crazy_yiuf_cottage, uniq_menkaure, uniq_sigmund
D:5:      wad_woods_stonehenge, layout_basic, serial_shops, shop,
          cheibrodos_sewer_entry_sluice, grunt_dithmenos_shadows
D:6:      layout_rooms, vehumet_altar_wand_db, nicolae_overflow_crystal_walls,
          nicolae_ossuary_entry_monument
D:7:      layout_basic, yredelemnul_altar_generic,
          minmay_temple_entry_enclosed_plants, serial_shops, nicolae_shop_trees
D:8:      layout_loops_corners, serial_shops, shop, uniq_grum, uniq_gastronok
D:9:      layout_irregular_city, dpeg_lair_monsters,
          minmay_orc_entry_temple_small
D:10:     layout_small_grid, serial_shops, kennysheep_mini
Lair:1:   layout_cave_shapes

Skill      XL: |  1  2  3  4  5  6  7  8  9 10 11 |
---------------+----------------------------------+-----
Ice Magic      | 5 6 8 10 | 10.0
Polearms       | 1 4 6 13 14 | 14.0
Dodging        | 11 12 13 | 13.9
Fighting       | 1 3 5 8 |  8.0
Charms         | 2 |  2.0
Summonings     | 2 |  2.0
Stealth        | |  2.1
Spellcasting   | |  2.0

Action                   |  1- 3 |  4- 6 |  7- 9 | 10-12 || total
-------------------------+-------+-------+-------+-------++-------
Melee: Spear             |    38 |       |       |   286 ||   324
       Trident           |    53 |    88 |   463 |    22 ||   626
Throw: Dart              |       |       |     2 |    12 ||    14
       Throwing net      |       |       |       |     2 ||     2
 Cast: Freeze            |    22 |     3 |       |       ||    25
       Frozen Ramparts   |     4 |    15 |    27 |    18 ||    64
       Ozocubu's Armour  |       |       |     4 |     4 ||     8
Evoke: Wand              |       |       |     2 |       ||     2
  Use: Scroll            |       |     5 |     2 |       ||     7
       Potion            |       |     2 |     2 |     6 ||    10
 Stab: Sleeping          |     6 |     3 |    14 |     4 ||    27
       Held in net/web   |       |       |       |     9 ||     9
       Distracted        |       |       |       |     1 ||     1
  Eat: Chunk             |     4 |     8 |    12 |     4 ||    28
       Ration            |       |       |     3 |     3 ||     6
Armor: Robe              |    14 |     8 |    29 |    16 ||    67
Dodge: Dodged            |    74 |    38 |   214 |   140 ||   466
